 Dungeon Crawl Stone Soup version 0.27.0-1-g7a089689b8 (webtiles) character file.

Game seed: 18257495235782587923

15 benadryl the Sneak (level 2, -7/20 HPs)
             Began as a Gargoyle Delver on Aug 1, 2021.
             Mangled by an iguana (12 damage)
             ... on level 5 of the Dungeon.
             The game lasted 00:00:41 (268 turns).

benadryl the Sneak (Gargoyle Delver)                 Turns: 268, Time: 00:00:42

Health: -7/20      AC:  5    Str: 15    XL:     2   Next: 50%
Magic:  2/2        EV: 11    Int: 10    God:
Gold:   13         SH:  0    Dex: 11    Spells: 1/1 levels left

rFire    . . .     SeeInvis .   a - +0 hand axe
rCold    . . .     Faith    .   (no shield)
rNeg     + . .     Spirit   .   b - +0 leather armour
rPois    ∞         Reflect  .   (no helmet)
rElec    +         Harm     .   (no cloak)
rCorr    .         Rampage  .   (no gloves)
Will     .....                  (no boots)
Stlth    +++.......             (no amulet)
HPRegen  0.06/turn              (no ring)
MPRegen  0.08/turn              (no ring)

@: no status effects
A: sickness immunity, AC +2, negative energy resistance 1, electricity
resistance, torment resistance 1, petrification resistance
a: no special abilities


You were on level 5 of the Dungeon.
You visited 1 branch of the dungeon, and saw 2 of its levels.

You collected 13 gold pieces.

Inventory:

Hand Weapons
 a - a +0 hand axe (weapon)
Armour
 b - a +0 leather armour (worn)
Wands
 g - a wand of digging (3)
Scrolls
 c - a scroll of fog
 d - a scroll of magic mapping
 e - a scroll of fear
 i - a scroll of identify {unknown}
Potions
 f - a potion of haste
 h - 2 potions of cancellation {unknown}


   Skills:
 + Level 4.2 Fighting
 - Level 1.7 Axes
 - Level 1.5 Dodging
 - Level 5.4 Stealth


You had one spell level left.
You didn't know any spells.
Your spell library was empty.

Dungeon Overview and Level Annotations

Branches:
Dungeon (6/15)
 Temple: D:4-7

Altars:
Yredelemnul


Innate Abilities, Weirdness & Mutations

You are immune to sickness and miasma.
Your stone body is resilient. (AC +2)
You are immune to poison.
You resist negative energy. (rN+)
You are resistant to electric shocks. (rElec)
You are resistant to unholy torment.
You are immune to petrification.


Message History

You start resting.
An iguana comes into view.
i - a scroll labelled UMONUUTIFF
There are no items here.
Found a basalt altar of Yredelemnul.
You now have 13 gold pieces.
An iguana comes into view.
The iguana hisses angrily.
The iguana bites you but does no damage.
You hit the iguana.
The iguana is lightly wounded.
The iguana closely misses you.
You hit the iguana but do no damage.
The iguana is lightly wounded.
The iguana bites you but does no damage.
You barely miss the iguana.
The iguana is lightly wounded.
The iguana misses you.
You hit the iguana but do no damage.
The iguana is lightly wounded.
The iguana bites you but does no damage.
You hit the iguana.
The iguana is heavily wounded.
The iguana bites you.
The iguana bites you but does no damage.
You hit the iguana.
The iguana is severely wounded.
The iguana bites you but does no damage.
You barely miss the iguana.
The iguana is severely wounded.
The iguana bites you.
Your leather armour prevents you from hitting the iguana.
The iguana is severely wounded.
The iguana bites you!
* * * LOW HITPOINT WARNING * * *
You hit the iguana.
The iguana is severely wounded.
The iguana bites you!
Ouch! That really hurt!
You die...

#...# #.. #...# #..#
#...##### #..#
#.......##..#
####.....#....#
#......#...#..##
#..........######
#..####.##.......
########...l@....######..
..#
........#######........
....
≈≈≈≈≈≈≈.#$....#.##..###
..... ..≈≈≈..≈#
##...>...# #.....
.≈...≈.≈#
#........####...#.
.≈.l.≈.≈#
#.#####...........
.≈...≈.≈# #..
#.#......#.# ..≈≈≈..≈# #.
#.....##.#.. ≈≈≈≈≈≈≈.# #
##..........


You could see an iguana.

Vanquished Creatures
  A hound zombie (D:5)
1 creature vanquished.

Notes
Turn   | Place    | Note
-------+----------+-------------------------------------------
     0 | D:5      | benadryl the Gargoyle Delver began the quest for the Orb.
     0 | D:5      | Reached XP level 1. HP: 14/14 MP: 1/1
    19 | D:6      | Noticed a centaur
    68 | D:5      | Reached XP level 2. HP: 8/20 MP: 2/2
   234 | D:5      | Found a basalt altar of Yredelemnul.
   268 | D:5      | Mangled by an iguana

Illustrated notes

Levels and vault maps discovered:
D:5:      layout_rooms, mainiacjoe_overflow_paths, kennysheep_mini_moat,
          minmay_circle_x
D:6:      layout_basic, marbit_many_paths, minmay_temple_entry_ruins,
          serial_shops, shop, nicolae_diamond_shop, nicolae_shop_trees,
          nicolae_square_shop, nicolae_shop_stone, uniq_sigmund

Skill      XL: |  1 |
---------------+----+-----
Fighting       | 4 |  4.2
Axes           | |  1.7
Dodging        | |  1.5
Stealth        | |  5.4

Action                   || total
-------------------------++-------
Melee: Hand axe          ||    22
Armor: Leather armour    ||    11
Dodge: Dodged            ||    10
